[ PARTIDA AOE2 · #481758138 ]
1v1 RMTurcos vs Teutons
Equipo del jugador · VICT
Equipo rival · DERR
[ ANÁLISIS DE REPETICIÓN · EXTRAÍDO DE LA PARTIDA GRABADA ]
Feudal
10:47
Castillos
25:36
Imperial
47:10
| APM promedio | 12.7 |
| APM pico | 61 |
| eAPM promedio | 9.7 |
| Aldeanos / militares | 69 / 205 |
Foco
⚔️ 42.0% · 🌾 58.0%
Spearman ×69 · Cavalry Archer ×46 · Battering Ram ×33 · Archer ×28 · Skirmisher ×24 · Monk ×3
Feudal
16:10
Castillos
35:31
Imperial
—
| APM promedio | 13.0 |
| APM pico | 46 |
| eAPM promedio | 8.8 |
| Aldeanos / militares | 108 / 70 |
Foco
⚔️ 29.8% · 🌾 70.2%
Teutonic Knight ×33 · Skirmisher ×22 · Monk ×15
Mapa de la partida
Recursos al inicio + cada clic de construcción. Línea gruesa = muro · recuadro discontinuo = muro de casas detectado. 🟡 oro · ⚪ piedra · 🟢 bayas · 🔶 jabalí · ⭕ reliquia
Inputs por minuto
— DrLegend - - pacoviking88
Build order — DrLegend
Primeras 150 de 316 acciones detectadas
| 0:04 | Crear | Villager (Male) |
| 0:04 | Crear | Villager (Male) |
| 0:04 | Crear | Villager (Male) |
| 0:05 | Crear | Villager (Male) |
| 0:05 | Crear | Villager (Male) |
| 0:07 | Construir | House |
| 0:09 | Construir | House |
| 2:06 | Crear | Villager (Male) |
| 2:06 | Crear | Villager (Male) |
| 2:16 | Crear | Villager (Male) |
| 2:17 | Crear | Villager (Male) |
| 2:47 | Construir | Mill |
| 2:51 | Crear | Villager (Male) |
| 3:09 | Crear | Villager (Male) |
| 3:30 | Construir | House |
| 3:41 | Crear | Villager (Male) |
| 4:11 | Crear | Villager (Male) |
| 4:26 | Crear | Villager (Male) |
| 4:26 | Crear | Villager (Male) |
| 5:32 | Construir | Lumber Camp |
| 5:45 | Crear | Villager (Male) |
| 5:50 | Crear | Villager (Male) |
| 6:53 | Crear | Villager (Male) |
| 7:27 | Crear | Villager (Male) |
| 7:58 | Construir | House |
| 7:58 | Construir | House |
| 8:00 | Construir | House |
| 8:37 | Investigar | Feudal Age |
| 8:37 | Investigar | Feudal Age |
| 9:10 | Crear | Villager (Male) |
| 9:10 | Crear | Villager (Male) |
| 9:35 | Construir | Farm |
| 9:44 | Construir | Mining Camp |
| 9:48 | Construir | Farm |
| 9:49 | Construir | Farm |
| 9:50 | Construir | Farm |
| 9:51 | Construir | Farm |
| 9:53 | Construir | Farm |
| 9:54 | Construir | Farm |
| 9:58 | Construir | Farm |
| 9:59 | Construir | Farm |
| 9:59 | Construir | Farm |
| 9:59 | Construir | Farm |
| 9:59 | Construir | Farm |
| 10:30 | Crear | Villager (Male) |
| 10:43 | Crear | Villager (Male) |
| 10:47 | Edad | Edad Feudal |
| 10:58 | Investigar | Horse Collar |
| 11:07 | Investigar | Double-Bit Axe |
| 11:16 | Construir | Farm |
| 11:40 | Construir | Farm |
| 11:48 | Crear | Villager (Male) |
| 12:18 | Construir | Farm |
| 12:27 | Crear | Villager (Male) |
| 12:43 | Crear | Villager (Male) |
| 12:43 | Crear | Villager (Male) |
| 12:55 | Construir | Farm |
| 13:21 | Crear | Villager (Male) |
| 13:27 | Construir | Farm |
| 13:31 | Crear | Villager (Male) |
| 13:32 | Crear | Villager (Male) |
| 13:45 | Crear | Villager (Male) |
| 13:53 | Construir | Farm |
| 14:22 | Construir | Blacksmith |
| 14:25 | Construir | Market |
| 14:30 | Crear | Villager (Male) |
| 14:30 | Crear | Villager (Male) |
| 14:41 | Construir | Farm |
| 14:55 | Crear | Villager (Male) |
| 14:55 | Crear | Villager (Male) |
| 15:09 | Construir | House |
| 15:10 | Construir | House |
| 15:22 | Crear | Villager (Male) |
| 15:22 | Crear | Villager (Male) |
| 15:23 | Crear | Villager (Male) |
| 15:35 | Construir | Farm |
| 15:43 | Investigar | Padded Archer Armor |
| 15:43 | Investigar | Padded Archer Armor |
| 16:02 | Construir | Farm |
| 16:32 | Crear | Villager (Male) |
| 16:35 | Construir | Farm |
| 16:47 | Investigar | Fletching |
| 17:18 | Construir | Barracks |
| 17:25 | Construir | Farm |
| 17:27 | Crear | Villager (Male) |
| 17:29 | Investigar | Wheelbarrow |
| 18:06 | Crear | Villager (Male) |
| 18:11 | Crear | Villager (Male) |
| 18:11 | Crear | Villager (Male) |
| 18:12 | Crear | Villager (Male) |
| 18:12 | Crear | Villager (Male) |
| 18:12 | Crear | Villager (Male) |
| 18:12 | Crear | Villager (Male) |
| 18:12 | Crear | Villager (Male) |
| 18:21 | Construir | Farm |
| 19:13 | Construir | Archery Range |
| 19:23 | Investigar | Fletching |
| 19:27 | Investigar | Scale Mail Armor |
| 19:39 | Crear | Villager (Male) |
| 19:39 | Crear | Villager (Male) |
| 19:58 | Crear | Spearman |
| 20:15 | Construir | Mining Camp |
| 20:18 | Investigar | Gold Mining |
| 20:19 | Investigar | Stone Mining |
| 20:42 | Construir | House |
| 20:43 | Construir | House |
| 20:44 | Construir | House |
| 20:45 | Construir | House |
| 21:06 | Construir | Farm |
| 21:29 | Investigar | Town Watch |
| 21:30 | Crear | Villager (Male) |
| 22:00 | Crear | Villager (Male) |
| 22:24 | Investigar | Castle Age |
| 22:31 | Crear | Archer |
| 22:32 | Crear | Archer |
| 22:32 | Crear | Archer |
| 22:33 | Crear | Archer |
| 22:33 | Crear | Archer |
| 22:34 | Crear | Archer |
| 22:34 | Crear | Archer |
| 22:35 | Crear | Archer |
| 22:35 | Crear | Archer |
| 22:35 | Crear | Archer |
| 22:51 | Construir | Stable |
| 23:22 | Construir | Archery Range |
| 23:26 | Construir | Barracks |
| 25:36 | Edad | Edad de los Castillos |
| 25:41 | Construir | Monastery |
| 25:48 | Investigar | Heavy Plow |
| 25:51 | Investigar | Bow Saw |
| 25:53 | Investigar | Hand Cart |
| 25:54 | Crear | Villager (Male) |
| 25:55 | Crear | Villager (Male) |
| 25:59 | Investigar | Leather Archer Armor |
| 26:09 | Investigar | Chain Mail Armor |
| 26:13 | Investigar | Squires |
| 26:13 | Crear | Spearman |
| 26:13 | Crear | Spearman |
| 26:14 | Crear | Spearman |
| 26:26 | Investigar | Crossbowman (upgrade) |
| 26:26 | Investigar | Crossbowman (upgrade) |
| 26:35 | Crear | Cavalry Archer |
| 26:35 | Crear | Cavalry Archer |
| 26:35 | Crear | Cavalry Archer |
| 26:40 | Crear | Cavalry Archer |
| 26:52 | Crear | Villager (Male) |
| 26:52 | Crear | Villager (Male) |
| 27:12 | Construir | Siege Workshop |
| 27:21 | Crear | Monk |
| 27:23 | Crear | Monk |
Build order — pacoviking88
Primeras 150 de 272 acciones detectadas
| 0:09 | Construir | House |
| 0:12 | Crear | Villager (Male) |
| 0:12 | Crear | Villager (Male) |
| 0:12 | Crear | Villager (Male) |
| 0:13 | Crear | Villager (Male) |
| 0:13 | Crear | Villager (Male) |
| 0:13 | Crear | Villager (Male) |
| 0:49 | Construir | House |
| 0:50 | Construir | House |
| 0:53 | Construir | House |
| 0:54 | Construir | House |
| 0:55 | Construir | House |
| 0:57 | Construir | House |
| 0:58 | Construir | House |
| 1:35 | Crear | Villager (Male) |
| 1:35 | Crear | Villager (Male) |
| 2:20 | Crear | Villager (Male) |
| 2:20 | Crear | Villager (Male) |
| 2:32 | Crear | Villager (Male) |
| 2:32 | Crear | Villager (Male) |
| 2:48 | Crear | Villager (Male) |
| 2:48 | Crear | Villager (Male) |
| 3:13 | Crear | Villager (Male) |
| 3:13 | Crear | Villager (Male) |
| 3:39 | Crear | Villager (Male) |
| 3:39 | Crear | Villager (Male) |
| 3:40 | Crear | Villager (Male) |
| 4:15 | Crear | Villager (Male) |
| 4:15 | Crear | Villager (Male) |
| 4:15 | Crear | Villager (Male) |
| 4:43 | Crear | Villager (Male) |
| 4:44 | Crear | Villager (Male) |
| 5:09 | Crear | Villager (Male) |
| 5:09 | Crear | Villager (Male) |
| 5:27 | Crear | Villager (Male) |
| 5:27 | Crear | Villager (Male) |
| 5:27 | Crear | Villager (Male) |
| 5:55 | Crear | Villager (Male) |
| 5:55 | Crear | Villager (Male) |
| 6:43 | Crear | Villager (Male) |
| 6:44 | Crear | Villager (Male) |
| 6:44 | Crear | Villager (Male) |
| 7:52 | Construir | Lumber Camp |
| 8:03 | Crear | Villager (Male) |
| 8:03 | Crear | Villager (Male) |
| 8:04 | Crear | Villager (Male) |
| 8:04 | Crear | Villager (Male) |
| 8:05 | Crear | Villager (Male) |
| 8:05 | Crear | Villager (Male) |
| 8:05 | Crear | Villager (Male) |
| 9:04 | Construir | Mill |
| 9:33 | Construir | Mining Camp |
| 10:15 | Construir | Farm |
| 10:16 | Construir | Farm |
| 10:22 | Construir | Farm |
| 10:30 | Crear | Villager (Male) |
| 10:30 | Crear | Villager (Male) |
| 10:30 | Crear | Villager (Male) |
| 10:30 | Crear | Villager (Male) |
| 10:31 | Crear | Villager (Male) |
| 10:31 | Crear | Villager (Male) |
| 10:31 | Crear | Villager (Male) |
| 10:46 | Construir | Farm |
| 11:14 | Construir | Farm |
| 11:38 | Construir | Farm |
| 12:03 | Construir | Farm |
| 12:32 | Construir | Farm |
| 12:42 | Investigar | Feudal Age |
| 12:59 | Construir | Farm |
| 13:19 | Construir | Mining Camp |
| 13:43 | Construir | Farm |
| 14:09 | Construir | Farm |
| 14:58 | Investigar | Loom |
| 15:12 | Crear | Villager (Male) |
| 15:12 | Crear | Villager (Male) |
| 15:12 | Crear | Villager (Male) |
| 15:13 | Crear | Villager (Male) |
| 15:13 | Crear | Villager (Male) |
| 15:14 | Crear | Villager (Male) |
| 15:14 | Crear | Villager (Male) |
| 15:14 | Crear | Villager (Male) |
| 15:15 | Crear | Villager (Male) |
| 15:15 | Crear | Villager (Male) |
| 15:16 | Crear | Villager (Male) |
| 15:16 | Crear | Villager (Male) |
| 15:16 | Crear | Villager (Male) |
| 15:16 | Crear | Villager (Male) |
| 15:47 | Construir | House |
| 15:48 | Construir | House |
| 15:49 | Construir | House |
| 15:51 | Construir | House |
| 15:53 | Construir | House |
| 15:54 | Construir | House |
| 15:56 | Construir | House |
| 16:10 | Edad | Edad Feudal |
| 16:15 | Investigar | Horse Collar |
| 19:12 | Investigar | Double-Bit Axe |
| 20:06 | Investigar | Wheelbarrow |
| 20:10 | Crear | Villager (Male) |
| 20:10 | Crear | Villager (Male) |
| 20:11 | Crear | Villager (Male) |
| 20:11 | Crear | Villager (Male) |
| 20:11 | Crear | Villager (Male) |
| 20:11 | Crear | Villager (Male) |
| 20:12 | Crear | Villager (Male) |
| 20:12 | Crear | Villager (Male) |
| 20:22 | Construir | Farm |
| 20:38 | Crear | Villager (Male) |
| 20:38 | Crear | Villager (Male) |
| 20:38 | Crear | Villager (Male) |
| 21:11 | Investigar | Gold Mining |
| 21:12 | Investigar | Stone Mining |
| 21:21 | Investigar | Stone Mining |
| 21:24 | Crear | Villager (Male) |
| 21:24 | Crear | Villager (Male) |
| 21:24 | Crear | Villager (Male) |
| 21:49 | Construir | Farm |
| 22:12 | Construir | Blacksmith |
| 23:16 | Construir | Barracks |
| 23:41 | Construir | Mining Camp |
| 23:56 | Investigar | Scale Mail Armor |
| 23:57 | Investigar | Forging |
| 23:58 | Investigar | Fletching |
| 23:58 | Investigar | Padded Archer Armor |
| 23:59 | Investigar | Scale Barding Armor |
| 24:23 | Crear | Villager (Male) |
| 24:23 | Crear | Villager (Male) |
| 24:24 | Crear | Villager (Male) |
| 24:24 | Crear | Villager (Male) |
| 24:24 | Crear | Villager (Male) |
| 24:24 | Crear | Villager (Male) |
| 24:35 | Construir | Archery Range |
| 24:47 | Investigar | Arson |
| 25:07 | Construir | Farm |
| 25:29 | Construir | Farm |
| 25:53 | Construir | Farm |
| 26:03 | Construir | Farm |
| 26:12 | Construir | Stable |
| 26:53 | Construir | Mill |
| 27:16 | Construir | Mining Camp |
| 27:35 | Construir | Farm |
| 27:37 | Construir | Farm |
| 27:38 | Construir | Farm |
| 27:41 | Construir | Farm |
| 27:42 | Construir | Farm |
| 27:44 | Construir | Farm |
| 27:46 | Construir | Farm |
| 27:47 | Construir | Farm |
| 27:49 | Construir | Farm |
| 27:51 | Construir | Farm |
Cronología de la partida
| 10:47 | DrLegend · age_up feudal |
| 16:10 | pacoviking88 · age_up feudal |
| 17:18 | DrLegend · first_building Barracks |
| 19:13 | DrLegend · first_building Archery Range |
| 22:51 | DrLegend · first_building Stable |
| 23:16 | pacoviking88 · first_building Barracks |
| 24:35 | pacoviking88 · first_building Archery Range |
| 25:36 | DrLegend · age_up castle |
| 25:41 | DrLegend · first_building Monastery |
| 26:12 | pacoviking88 · first_building Stable |
| 27:12 | DrLegend · first_building Siege Workshop |
| 32:25 | DrLegend · first_building Castle |
| 35:31 | pacoviking88 · age_up castle |
| 36:14 | pacoviking88 · first_building Castle |
| 47:04 | pacoviking88 · first_building Monastery |
| 47:10 | DrLegend · age_up imperial |
| 51:18 | pacoviking88 · resign |
[ ANÁLISIS IA · 1 CRÉDITO ]
¿Qué pasó realmente en esta partida?
Wolo.gg analiza cada decisión: build order, eco, micro, errores típicos por bracket. Análisis personalizado por WhatsApp o Discord en 30 segundos.
Guía civ
Turcos
Guía mapa
Arena
Perfil
Jugador #23960749